AoeStats
← vagabond94

Arabian Desert

510511142Analyzed
1v1 RM · 15h ago on Oct 1, 2026· 22m 36s· 2 players
Game mode
Random Map
Map size
Tiny (2 player)
Population
200
Speed
Normal
Resources
Standard
Victory
Conquest
Starting age
Dark Age
Ending age
Imperial Age
RankedLock teamsTeams togetherTeam positionsShared explorationLock speedFull tech treeHidden civsTurbo modeCheats
Victory
Defeat
🇨🇴 Inca · Colombia
1360
+15
🇩🇪 Danes · Germany
1330
-15
vagabond94
6:48 Loom
9:28 Feudal Age
9:32 Man-at-Arms
12:34 Double-Bit Axe
12:32 Horse Collar
juanmelgarejo92
6:44 Loom
8:48 Feudal Age
9:52 Champi Runner
15:56 Fletching
17:25 Scale Mail Armor
21:08 Forging
Connection lost

Rejoining the realm…

Still unreachable

The connection could not be restored.

Session expired

The server has moved on; the page needs a fresh start.